Cogmind - Beta 16 @@@ ROGUE MODE // 2026.01.06 @ 13:12:01 Player: PE-P51 Result: Destroyed by G-47 Trooper with Particle Gun Performance ------------- Evolutions (0) 0 Regions Visited (1) 200 Robots Destroyed (13) 65 Value Destroyed (237) 237 Prototype IDs (0) 0 Alien Tech Used (0) 0 Bonus (0) 0 TOTAL SCORE: 502 Bonus ------- None Cogmind --------- Core Integrity 0/250 Matter 256/300 Energy 100/100 System Corruption 2% Temperature Cool (9) Movement Core (350) Ox6 Location -10/Materials Parts ------- > --- POWER (1) -------- (None) > --- PROPULSION (2) --- (None) > --- UTILITY (2) ------ Large Storage Unit > --- WEAPON (2) ------- Light Assault Rifle > --- INVENTORY (15) --- Ion Engine Light Treads Light Treads Wheel Compact Wheel Compact Wheel Flight Unit Flight Unit Small Storage Unit High-capacity Storage Unit EM Pulse Gun Grenade Launcher Datajack Peak State ------------ > --- POWER ------------ Ion Engine > --- PROPULSION ------- Aluminum Leg Aluminum Leg > --- UTILITY ---------- Small Storage Unit Large Storage Unit > --- WEAPON ----------- EM Pulse Gun Small Laser > --- INVENTORY -------- Ion Engine Light Treads Light Treads Wheel Compact Wheel Small Laser [Rating: 7] Favorites ----------- Power Ion Engine Engine Ion Engine Propulsion Aluminum Leg Leg Aluminum Leg Utility Large Storage Unit Storage Large Storage Unit Weapon Small Laser Energy Gun Small Laser Ballistic Gun Light Assault Rifle Launcher Grenade Launcher Build | -11 -10 ------- Run | Yrd Mat Slots Evolved . | . . Power . | . . Propulsion . | . . Utility . | . . Weapon . | . . Parts Attached 10 | . 10 Power 3 | . 3 Engine 3 | . 3 Core . | . . Reactor . | . . Propulsion 3 | . 3 Treads . | . . Leg 3 | . 3 Wheel . | . . Hover . | . . Flight . | . . Utility 1 | . 1 Device . | . . Storage 1 | . 1 Processor . | . . Hackware . | . . Protection . | . . Artifact . | . . Weapon 3 | . 3 Energy Gun 1 | . 1 Energy Cannon . | . . Ballistic Gun 1 | . 1 Ballistic Cannon . | . . Launcher 1 | . 1 Special Weapon . | . . Impact Weapon . | . . Slashing Weapon . | . . Piercing Weapon . | . . Special Melee Weapon . | . . Unidentified Prototypes . | . . Parts Lost 7 | . 7 Power 1 | . 1 Propulsion 3 | . 3 Utility . | . . Weapon 3 | . 3 Highest Loss Streak 3 | . 3 To Critical Strikes . | . . Average Backups 12 | . 12 Power 1 | . 1 Propulsion 6 | . 6 Utility 1 | . 1 Weapon 3 | . 3 Tool/Special . | . . Unused Backups 10 | . 10 Power . | . . Propulsion 3 | . 3 Utility 3 | . 3 Weapon 3 | . 3 Tool/Special 1 | . 1 Average Slot Usage (%) 79 | . 79 Engine 13 | . 13 Leg 24 | . 24 Storage 14 | . 14 Energy Gun 24 | . 24 Ballistic Gun 1 | . 1 Peak Build Rating 7 | . 7 Average Rating 6 | . 6 On Entrance 6 | 6 6 Avg Prop Armor Cover (%) . | . . Naked Turns . | . . Heaviest Build 33 | 13 33 Greatest Support 20 | 20 20 Greatest Overweight (x) 8 | . 8 Average Overweight (x) 1 | . 1 Largest Inventory Capacity 15 | . 15 Average Capacity 14 | . 14 Most Carried 15 | . 15 Average Carried 12 | . 12 Final Capacity 15 | 8 15 Final Carried 13 | 6 13 Class Distribution -------------------- 100% | Mutant Dominant Class ---------------- Mutant | -10/Materials Resources | -11 -10 ----------- Run | Yrd Mat Matter Collected 330 | 181 149 Remotely . | . . Salvage Created 370 | . 370 Parts 27 | . 27 Haulers Intercepted . | . . Recyclers Shooed . | . . Parts Field Recycled . | . . Retrieved Matter . | . . Parts Self-Destructed . | . . Prevented . | . . Parts Restored . | . . Kills | -11 -10 ------- Run | Yrd Mat Combat Hostiles Destroyed 11 | . 11 Guns 11 | . 11 Classes Destroyed 4 | . 4 Worker 1 | . 1 Recycler 1 | . 1 Swarmer 6 | . 6 Grunt 5 | . 5 Best Kill Streak 4 | . 4 Combat Bots Only 4 | . 4 Max Kills in Single Turn 2 | . 2 Gunslinging . | . . Exploded . | . . Melee . | . . Uniques/NPCs Destroyed . | . . Combat | -11 -10 -------- Run | Yrd Mat Hostile Shots Fired 76 | . 76 Missed 16 | . 16 Hits 60 | . 60 Projectile 60 | . 60 AOE 2 | . 2 Damage Taken 837 | . 837 Core 261 | . 261 Absorbed by Shields . | . . Core Remaining (%) 100 | 100 . Volleys Fired 54 | . 54 Largest 2 | . 2 Hottest 80 | . 80 Shots Fired 78 | . 78 Gun 75 | . 75 Cannon . | . . Launcher 3 | . 3 Special . | . . Kinetic 17 | . 17 Thermal 58 | . 58 Explosive 3 | . 3 Electromagnetic . | . . Robot Hit Streak 11 | . 11 Robot Miss Streak 2 | . 2 Penetration Max . | . . Secondary Targets . | . . Shots Hit Robots 50 | . 50 Core Hits 22 | . 22 Critical Kills . | . . Critical Parts Destroyed . | . . Critical Strikes . | . . Melee Attacks . | . . Impact . | . . Slashing . | . . Piercing . | . . Sneak Attacks . | . . Combat Hostiles . | . . Follow-up Attacks . | . . Damage Inflicted 750 | . 750 Guns 525 | . 525 Cannons . | . . Explosions 218 | . 218 Melee . | . . Ramming 7 | . 7 Kinetic 93 | . 93 Thermal 432 | . 432 Explosive 218 | . 218 Electromagnetic . | . . Impact . | . . Slashing . | . . Piercing . | . . Highest Corruption 2 | . 2 Average Corruption 2 | . 2 Corruption Purged . | . . Corruption Blocked . | . . Effects 5 | . 5 Message Errors 3 | . 3 Data Loss (minor) 2 | . 2 Overload Shots . | . . Overflow Damage 4 | . 4 Projectiles . | . . Explosions 4 | . 4 Melee . | . . Knockbacks . | . . Impact . | . . Kinetic . | . . Secondary . | . . Self-Inflicted Damage 82 | . 82 Shots 3 | . 3 Rammed . | . . Targets Rammed 2 | . 2 Kicked 2 | . 2 Crushed . | . . Highest Temperature 252 | . 252 Average Temperature 88 | . 88 Received Heat Transfer 330 | . 330 Effects 1 | . 1 Interference 1 | . 1 Siege Activations . | . . Martial Activations . | . . Shielding Activations . | . . Robots Disrupted . | . . Combat Hostiles . | . . Robots Corrupted . | . . Combat Hostiles . | . . Parts Fried . | . . Impact Corruptions . | . . Robots Melted . | . . Combat Hostiles . | . . Parts Melted 1 | . 1 Heat Transferred 1000 | . 1000 Parts Sabotaged . | . . Parts Stolen . | . . Parts Stripped . | . . Power Chain Reactions . | . . Alert | -11 -10 ------- Run | Yrd Mat Maximum Alert Level . | . . Low Security (%) 100 | . 100 Level 1 . | . . Level 2 . | . . Level 3 . | . . Level 4 . | . . Level 5 . | . . High Security . | . . Max Security . | . . Peak Influence 159 | . 159 Initial . | . . Average 46 | . 46 Influence Increases 375 | . 375 Destroy 0b10 Robot/C 220 | . 220 Destroy 0b10 Robot/NC 10 | . 10 Destroy Leader 50 | . 50 Successful Hack 5 | . 5 Destroy Structure 15 | . 15 Partial Spotted 15 | . 15 Lose Combat Pursuer 60 | . 60 Influence Decreases 253 | . 253 Time Decay 193 | . 193 Lost Part 60 | . 60 Squads Dispatched 3 | . 3 Investigation . | . . Extermination . | . . Reinforcement 3 | . 3 Assault . | . . Garrison . | . . Intercept . | . . Searches Triggered . | . . Construction Impeded . | . . Haulers Reinforced . | . . Active Scanning Responses . | . . Cargo Convoy Interrupts . | . . Stealth | -11 -10 --------- Run | Yrd Mat Distress Signals 2 | . 2 Communications Jammed . | . . Distress Signals . | . . Times Spotted 24 | . 24 Peak Tracking Total 6 | . 6 Tactical Retreats 2 | . 2 Traps | -11 -10 ------- Run | Yrd Mat Traps Triggered 5 | . 5 Indirectly . | . . Trap Hack Attempts . | . . Triggered . | . . Disarmed . | . . Reprogrammed . | . . Reused . | . . Traps Extracted . | . . Installed . | . . Triggered . | . . Machines | -11 -10 ---------- Run | Yrd Mat Machines Disabled . | . . Max in Single Turn . | . . Machines Repaired . | . . Machines Dismantled . | . . Machines Sabotaged . | . . Overloaded Fab Kills . | . . Hacking | -11 -10 --------- Run | Yrd Mat Machines Accessed 3 | . 3 Terminals 2 | . 2 Fabricators . | . . Repair Stations . | . . Recycling Units 1 | . 1 Scanalyzers . | . . Garrison Access . | . . Total Hacks 10 | . 10 Successful 7 | . 7 Failed 3 | . 3 Catastrophic 1 | . 1 Database Lockouts . | . . Manual 3 | . 3 Terminals 7 | . 7 Fabricators . | . . Repair Stations . | . . Recycling Units 3 | . 3 Scanalyzers . | . . Garrison Access . | . . Terminal Hacks 2 | . 2 Emergency Access Points 1 | . 1 Hauler Manifests 1 | . 1 Fabricator Hacks . | . . Repair Station Hacks . | . . Recycling Unit Hacks 3 | . 3 Process 1 | . 1 Retrieve Components 2 | . 2 Scanalyzer . | . . Garrison Access Hacks . | . . Unauthorized Hacks 2 | . 2 Terminals 2 | . 2 Botnet 1 | . 1 Skim 1 | . 1 Fabricators . | . . Repair Stations . | . . Recycling Units . | . . Scanalyzers . | . . Garrison Access . | . . Data Cores Recovered . | . . Used . | . . Hacking Detections 3 | . 3 Full Trace Events . | . . Feedback Events . | . . Feedback Blocked . | . . Robot Schematics Acquired . | . . Robots Built . | . . Authchips . | . . Time . | . . Total Robot Build Rating . | . . Part Schematics Acquired . | . . Parts Built . | . . Authchips . | . . Time . | . . Total Part Build Rating . | . . Part Studies Acquired . | . . Parts Repaired . | . . Time . | . . Parts Recycled . | . . Recycled Matter 3 | . 3 Retrieved Matter . | . . Retrieved Components . | . . Parts Scanalyzed . | . . Part Schematics Acquired . | . . Parts Damaged . | . . Bothacking | -11 -10 ------------ Run | Yrd Mat Used RIF Installer . | . . Robots Hacked . | . . Non-combat . | . . Combat . | . . Robot Hacks Applied . | . . Relay Couplers Released . | . . Fabnet Peak Effective % . | . . Robots Rewired . | . . Allies Hacked . | . . Hacks Repelled . | . . Allies | -11 -10 -------- Run | Yrd Mat Total Allies . | . . Largest Group . | . . Highest-Rated Group . | . . Highest-Rated Ally . | . . Total Orders . | . . Ally Attacks . | . . Total Damage . | . . Kills . | . . Allies Corrupted . | . . Allies Melted . | . . Intel | -11 -10 ------- Run | Yrd Mat Active Infowar (turns) . | . . Robot Analysis Total . | . . Derelict Logs Recovered . | . . Drone Launches . | . . Drone Recoveries . | . . Exploration | -11 -10 ------------- Run | Yrd Mat Turns Passed 708 | . 708 Spaces Moved 266 | 1 265 Core 1 | . 1 Treads . | . . Legs 265 | 1 264 Wheels . | . . Hover . | . . Flight . | . . Fastest Speed 120 | 120 120 Average Speed 194 | 120 194 Slowest Speed 450 | 120 450 Overloaded Moves . | . . Propulsion Burnouts . | . . Robots Hopped . | . . Potential Cave-ins . | . . Cave-ins Triggered . | . . Exploration Rate (%) 28 | 2 54 Regions Visited 1 Branch Regions . Pre-discovered Areas . | . . Known Exits Taken . | . . Unknown Exits Taken 1 | 1 . Scrap Searched . | . . Spaces Dug 10 | . 10 Terrain Destroyed 21 | . 21 Melee . | . . Projectile . | . . AOE 21 | . 21 Terrain Rammed . | . . Walls Destroyed . | . . Machines Disabled . | . . Actions | -11 -10 --------- Run | Yrd Mat Total 377 | . 377 Wait 28 | . 28 Move 265 | . 265 Hop . | . . Pick Up 9 | . 9 Fast Attach 10 | . 10 Attach 3 | . 3 Detach 1 | . 1 Swap 3 | . 3 Drop 2 | . 2 Fire 54 | . 54 Melee . | . . Ram . | . . Kick 2 | . 2 Crush . | . . Escape Stasis . | . . Rewire . | . . Trap . | . . Miscellaneous . | . . Route ------- -11/Scrapyard -10/Materials (discovered 1 exit: [*Sub]) History --------- Turn | Location | Event 1 | -11/Scrapyard | Discovered new exit (range 0) 1 | -11/Scrapyard | Entered Materials 303 | -10/Materials | Build established: Mutant 458 | -10/Materials | Core integrity fell below 50% 656 | -10/Materials | Lost 3 parts (1n2w) 696 | -10/Materials | Core integrity fell below 20% 701 | -10/Materials | Derelicts attacked the area 704 | -10/Materials | Discovered new exit (range 11) 709 | -10/Materials | Destroyed by G-47 Trooper with Particle Gun Last Messages --------------- 00677_ System corrupted: Component data lost. 00677_ U-05 Engineer lays Concrete. 00678_ U-05 Engineer builds a Wall. 00679_ T-07 Excavator is excavating. 00679_ R-06 Scavenger inserts Aluminum Leg into recycling unit. 00681_ U-05 Engineer lays Concrete. 00685_ Ion Engine destroyed. 00687_ Aluminum Leg destroyed. 00689_ T-07 Excavator is excavating. 00695_ U-05 Engineer lays Concrete. 00698_ T-07 Excavator is excavating. 00701_ ALERT: Derelict incursion detected, rerouting patrols to target area. 00704_ R-06 Scavenger destroyed. 00704_ K-01 Serf destroyed. 00704_ EXIT=FOUND 00706_ U-05 Engineer destroyed. 00706_ K-01 Serf collects debris. 00708_ Grenade Launcher destroyed. 00708_ Destroyed Grenade Launcher. Map ----- +----------------------------------------------------+ | | | | | ?????????????????????????????????????????????????? | | ?????????????????????????????????????????????????? | | ?????????????????????????????????????????????????? | | ?????????????????????????????????????????????????? | | ?????????????????????????????????????????????????? | | ?????????????????????????????????????????????????? | | ?????????????????????????????????????????????????? | | ?????????????????????????????????????????????????? | | ???????????????????????? ??????????????????????? | | ???????????????????????? #?????????????????????? | | ???????????????????????? a#?????????????????????? | | ???????????????????????# #?????????????????????? | | ???????????????????????# #?????????????????????? | | ???????????????????????# #???##????????????????? | | ???????????????????????# #???<#???#????????????? | | ???????????????????????# #?? ?? #???????????? | | ?#########?????????????# ## R?? #???????????? | | ?# !#?????????????# ## ?? ????????????? | | ?# #??????????#### r# ?? | ??????????????? | | ## #??????????# # *%????"R"???####??? | | + "T" ##########?# t ## ######" "###"T"##?? | | # # #?# u ? | | ##+###### ### * ? | | #????# + kg %@ """ ? | | #????# ## ##### """ = | | ###??# ## # # """ === | | #### #??# """% #% === | | [## + #??# """ # == | | # #### #??# """ %+ | | # #??# #??# """ "Y" #% | | # ########/####??# """ """ # # | | # ?# #### # | | + ?############??? # | | # ??????????????? ? | | ### ####+#####???? #?????????????? ? | | ### # ?????????????????????????? ####### ? | | #?# #? ""???????????????????????? #??????? ?? | | ###?# #?? ""????????????????????????? #?????????? | | #####+#????"????????????????????????? #?????????? | | #?????????????????????????????? #?????????? | | """ #??????????????????????????????###?????????? | | """ #??????????????????????????????????????????? | | """ #??????????????????????????????????????????? | | #??????????????????????????????????????????? | | """ #??????????????????????????????????????????? | | """ #??????????????????????????????????????????? | | """ #??????????????????????????????????????????? | | #??????????????????????????????????????????? | +----------------------------------------------------+ Best States ------------- Heat Dissipation 25 Energy Generation 10 Energy Capacity 250 Matter Stores 300 Matter Capacity 300 Sight Range 16 Terrain Scan Density 10 Evasion (%) 40 Item Schematics ----------------- None Robot Schematics ------------------ None Fabricated ------------ Nothing Repaired ---------- Nothing Studied --------- None Alien Tech Used ----------------- None Achievements -------------- None Challenges ------------ None Game ------ Seed LargeLightningSplitter Manual? 0 Play Time 00:06:42 Cumulative 270.4 hours Start 2026.01.06 @ 13:08:38 End 2026.01.06 @ 13:12:01 Sessions 1 Manual Loads 0 Difficulty Rogue Special Mode None Game No. 346 Rogue 345 Adventurer 1 Explorer 0 Win Type - Total 2 Types 1/0/0/1/0/0/0/0/0/0 Lore% 74 Gallery% 67 Achievement% 56 Wizard Run 0 Options --------- Layout 0 ASCII 0 Keyboard 0 Movement Numpad Keybinds 0 Fullscreen 1 Font 24/Smallcaps Map View 76x50 Zoom Use 0% Tactical HUD 1 Map Filters NONE Filters NONE Steam 1 RUN: 24529655-e408-41f8-8476-8f9cf77db3b3